Map: Frost LE

Players

LiquidTLO (TLO) - Winner!

  • Race: Zerg Zerg
  • League: Grandmaster

Namshar

  • Race: Zerg Zerg
  • League: Grandmaster

VOD

Have the link to the VOD?

Description

Time

  • Played on: July 5, 2016, 12:40 p.m.
  • Length: 9:44
Show
View Real Time Build Order
Export as new Build Order

LiquidTLO Zerg - Winner!

Build Orders: Hatch First, Zergling Baneling 

Get SALT Encoding   

  12  0:01  Drone  
  13  0:15  Overlord  
  13  0:19  Drone  
  14  0:33  Drone  
  14  0:34  Drone  
  16  0:38  Drone  
  17  0:53  Hatchery  
  17  0:55  Drone  
  17  0:59  Drone  
  17  1:02  Extractor  
  17  1:15  Spawning Pool  
  17  1:17  Drone  
  17  1:21  Drone  
  18  1:31  Drone  
  19  1:41  Overlord  
  19  1:55  Drone  
  20  2:02  Metabolic Boost, Queen  
  20  2:04  Queen  
  20  2:07  Zergling x2  
  25  2:14  Drone x2  
  27  2:17  Drone  
  28  2:24  Drone  
  28  2:28  Drone  
  30  2:38  Drone x2  
  32  2:46  Hatchery  
  32  2:47  Zergling x2  
  32  2:57  Baneling Nest  
  32  2:58  Overlord  
  31  3:01  Drone  
  31  3:05  Zergling x2  
  33  3:11  Drone  
  34  3:13  Drone  
  34  3:14  Drone  
  34  3:15  Drone, Spine Crawler  
  34  3:18  Drone  
  37  3:20  Drone  
  37  3:23  Zergling x2  
  37  3:25  Zergling x2  
  40  3:28  Zergling x2  
  40  3:29  Zergling x2  
  42  3:34  Zergling x2  
  42  3:42  Zergling x2  
  42  3:44  Zergling x2  
  42  3:46  Queen  
  44  3:48  Overlord  
  44  3:52  Baneling x2  
  44  3:53  Evolution Chamber  
  44  3:55  Overlord  
  43  3:57  Zergling x2  
  43  4:01  Baneling x2, Drone  
  43  4:02  Zergling x2  
  46  4:04  Zergling x2  
  46  4:05  Drone  
  46  4:07  Zergling x2  
  49  4:10  Drone  
  49  4:14  Drone  
  51  4:17  Zergling x2  
  51  4:18  Zergling x2  
  51  4:19  Zergling x2  
  51  4:20  Zergling x2  
  51  4:22  Zergling x2, Drone  
  51  4:23  Zergling x2  
  56  4:29  Zerg Melee Weapons Level 1  
  55  4:32  Baneling  
  55  4:33  Baneling  
  55  4:35  Zergling x4, Spine Crawler  
  53  4:39  Baneling  
  53  4:41  Zergling x2  
  53  4:45  Zergling x4  
  56  4:47  Zergling x2  
  57  4:52  Baneling  
  57  4:53  Queen x2  
  59  5:04  Zergling x2  
  59  5:05  Zergling x4  
  59  5:06  Zergling x2  
  59  5:07  Zergling x2  
  59  5:08  Zergling x8  
  59  5:09  Baneling  
  59  5:12  Zergling x2  
  59  5:13  Drone  
  63  5:14  Zergling x2  
  63  5:17  Zergling x2  
  63  5:20  Zergling x2  
  59  5:22  Queen  
  59  5:23  Baneling  
  59  5:25  Zergling x2  
  59  5:26  Zergling x2  
  63  5:32  Zergling x2  
  63  5:35  Zergling x2  
  60  5:37  Zergling x2  
  60  5:41  Queen  
  60  5:42  Zergling x2  
  59  5:45  Zergling x2  
  59  5:47  Queen  
  59  5:49  Zergling x2  
  63  5:52  Zergling x2, Baneling x2  
  64  5:57  Zergling x2  
  63  6:05  Zergling x4  
  63  6:07  Zergling x2  
  63  6:09  Zergling x2  
  64  6:14  Zergling x2  
  64  6:17  Zergling x2  
  61  6:20  Zergling x4  
  61  6:21  Zergling x2  
  61  6:22  Zergling x2  
  61  6:26  Zergling x2  
  61  6:27  Zergling x2  
  61  6:28  Queen  
  61  6:31  Zergling x2  
  63  6:34  Drone  
  63  6:36  Extractor, Zergling x2  
  64  6:41  Zergling x2  
  64  6:44  Overlord  
  64  6:46  Overlord  
  65  6:54  Zergling x2  
  66  7:01  Queen  
  66  7:04  Zergling x2  
  66  7:05  Overlord, Zergling x4  
  66  7:06  Zergling x2  
  66  7:07  Queen x2  
  66  7:08  Overlord  
  76  7:09  Zergling x6  
  76  7:10  Zergling x2  
  76  7:12  Zergling x2  
  76  7:13  Zergling x2  
  81  7:16  Zergling x2  
  81  7:19  Zergling x2  
  81  7:20  Drone x2  
  81  7:28  Drone  
  81  7:29  Drone x2  
  82  7:30  Drone x2  
  82  7:31  Baneling x3  
  82  7:32  Baneling x3, Drone  
  82  7:33  Zergling x2  
  84  7:37  Queen  
  84  7:41  Zergling x2  
  84  7:42  Zergling x2  
  84  7:44  Zergling x4  
  86  7:45  Zergling x2  
  86  7:49  Baneling x2  
  86  7:50  Zergling x2, Baneling  
  86  7:51  Zergling x4  
  79  7:53  Zergling x2  
  79  7:54  Zergling x2  
  79  7:57  Zergling x4  
  82  7:59  Zergling x4  
  82  8:01  Drone  
  82  8:03  Zergling x2  
  82  8:04  Zergling x2  
  85  8:10  Roach Warren  
  85  8:11  Zergling x2  
  85  8:12  Zergling x2  
  83  8:13  Zergling x2  
  83  8:16  Zergling x2  
  86  8:20  Zergling x4  
  86  8:22  Zergling x2  
  86  8:24  Baneling  
  75  8:27  Zergling x2  
  75  8:28  Zergling x4  
  75  8:29  Zergling x2  
  75  8:30  Zergling x2  
  75  8:32  Zergling x4  
  75  8:33  Zergling x2  
  77  8:37  Zergling x4  
  78  8:43  Spine Crawler  
  78  8:44  Zergling x2  
  78  8:46  Baneling x4  
  78  8:50  Roach  
  78  8:52  Roach  
  78  8:54  Baneling  
  78  8:55  Baneling x2  
  81  9:03  Baneling  
  81  9:07  Roach  
  83  9:11  Roach  
  83  9:16  Zergling x4  
  77  9:20  Zergling x2  
  77  9:21  Zergling x2  
  77  9:22  Roach  
  77  9:23  Zergling x6, Roach  
Show
View Real Time Build Order
Export as new Build Order

Namshar Zerg 

Build Orders: Hatch First, Zergling Baneling 

Get SALT Encoding   

  12  0:01  Drone  
  13  0:12  Overlord  
  13  0:17  Drone  
  14  0:31  Drone x2  
  14  0:34  Drone  
  17  0:51  Hatchery  
  17  0:55  Drone  
  17  0:58  Drone  
  18  1:09  Extractor  
  17  1:14  Spawning Pool  
  17  1:16  Drone  
  17  1:19  Drone  
  18  1:28  Drone  
  19  1:38  Overlord  
  19  1:50  Drone  
  20  2:00  Queen  
  22  2:01  Zergling x2  
  22  2:03  Queen  
  22  2:04  Drone  
  26  2:09  Metabolic Boost  
  26  2:10  Drone  
  26  2:14  Drone  
  28  2:22  Drone  
  29  2:25  Drone  
  29  2:29  Baneling Nest  
  29  2:33  Drone  
  29  2:36  Drone  
  31  2:48  Hatchery  
  30  2:52  Overlord  
  30  2:55  Zergling x2  
  30  2:57  Zergling x2  
  32  3:01  Zergling x2  
  33  3:06  Zergling x2  
  33  3:12  Zergling x8  
  38  3:17  Baneling x2  
  38  3:19  Drone x2  
  40  3:25  Zergling x2  
  40  3:26  Zergling x2  
  42  3:28  Overlord  
  42  3:33  Zergling x2  
  41  3:50  Drone x4  
  41  3:51  Drone x4  
  49  3:56  Zergling x4  
  49  3:59  Baneling x2  
  49  4:00  Baneling x2  
  49  4:01  Baneling x2  
  49  4:02  Baneling x2  
  51  4:04  Zergling x2  
  52  4:22  Zergling x2  
  52  4:23  Zergling x12  
  57  4:28  Zergling x2  
  57  4:29  Zergling x4  
  57  4:40  Overlord  
  57  4:41  Overlord x2  
  57  4:49  Baneling x2  
  57  4:50  Baneling x3  
  57  4:52  Zergling x2  
  58  4:53  Overlord x2  
  58  4:58  Queen  
  49  5:07  Zergling x16  
  49  5:09  Queen  
  52  5:21  Baneling x2  
  48  5:22  Zergling x2  
  48  5:23  Zergling x4  
  46  5:29  Drone x3  
  46  5:33  Zergling x2  
  47  5:46  Zergling x10  
  50  5:52  Baneling x2  
  50  5:54  Overlord  
  43  6:12  Zergling x4  
  43  6:13  Zergling x12  
  46  6:28  Zergling x4  
  46  6:29  Zergling x8  
  46  6:32  Zergling x6  
  50  6:41  Zergling x2  
  50  6:42  Zergling x6  
  50  6:43  Baneling  
  50  6:44  Baneling x2  
  52  6:54  Baneling x3  
  51  7:03  Zergling x12  
  57  7:10  Zergling x8  
  57  7:11  Zergling x2  
  53  7:30  Baneling x4  
  53  7:31  Baneling  
  53  7:35  Zergling x16  
  59  7:45  Zergling x6  
  57  7:59  Baneling x2  
  57  8:01  Baneling  
  57  8:02  Zergling x2  
  57  8:03  Zergling x10  
  62  8:10  Baneling  
  62  8:11  Zergling x10  
  60  8:29  Zergling x8  
  55  8:38  Zergling x6  
  56  8:41  Drone  
  56  8:42  Drone  
  56  8:46  Baneling x3  
  58  8:50  Zergling x4  
  58  8:51  Zergling x6  
  60  9:07  Zergling x2  
  60  9:08  Zergling x8  
  60  9:09  Drone x2  
  66  9:13  Drone  
  60  9:23  Overlord x2  
  59  9:25  Drone  
  59  9:26  Roach Warren  
Tags
 
Add a new tag
Caveats
  • Supply blocks, unpowered buildings, or Contaminate may cause inaccurate times.
  • Supply counts are checked every 10 seconds.